 Dungeon Crawl Stone Soup version 0.22-a0-3-g4fa69d9 (webtiles) character file.

14 worex the Grasshopper (level 2, 0/25 HPs)
             Began as a Ghoul Warper on Jan 1, 2018.
             Slain by a leopard gecko (1 damage)
             ... on level 1 of the Dungeon.
             The game lasted 00:06:47 (266 turns).

worex the Grasshopper (Ghoul Warper)                 Turns: 266, Time: 00:06:48

Health: 0/25       AC:  3    Str: 14    XL:     2   Next: 41%
Magic:  3/3        EV: 11    Int:  8    God:
Gold:   23         SH:  0    Dex:  8    Spells: 4/4 levels left

rFire    . . .     SeeInvis .   a - +0 falchion
rCold    + . .     Gourm    .   (no shield)
rNeg     + + +     Faith    .   b - +0 leather armour
rPois    ∞         Spirit   .   (no helmet)
rElec    .         Reflect  .   (no cloak)
rCorr    .         Harm     .   (no gloves)
MR       .....                  (no boots)
Stlth    +.........             (no amulet)
HPRegen  0.00/turn              (no ring)
MPRegen  0.08/turn              (no ring)

@: rotting
A: rotting body, claws 1, carnivore, cold resistance 1, negative energy
resistance 3, inhibited regeneration, torment resistance, unbreathing
a: no special abilities


You were on level 1 of the Dungeon.
You were not hungry.

You visited 1 branch of the dungeon, and saw 1 of its levels.

You collected 23 gold pieces.

Inventory:

Hand Weapons
 a - a +0 falchion (weapon)
Missiles
 f - 5 tomahawks of dispersal (quivered) {!f}
Armour
 b - a +0 leather armour (worn)
Scrolls
 d - a scroll of blinking
Potions
 g - a potion of cancellation {unknown}
Books
 c - a book of Spatial Translocations
Comestibles
 e - a ration
 h - 7 chunks of flesh


   Skills:
 + Level 2.5 Fighting
 * Level 2.3 Long Blades
 - Level 0.9 Throwing
 - Level 0.9 Armour
 - Level 1.8 Dodging
 - Level 1.8 Spellcasting
   Level 2.6 Translocations


You had 4 spell levels left.
You didn't know any spells.

Dungeon Overview and Level Annotations

Branches:
Dungeon (1/15)

Altars:


Innate Abilities, Weirdness & Mutations

Your body is rotting away.
You thrive on raw meat.
You are immune to poison.
You have sharp fingernails.
You are carnivorous and can eat meat at any time.
Your flesh is cold resistant. (rC+)
You are immune to negative energy. (rN+++)
You do not regenerate when monsters are visible.
You are immune to unholy pain and torment.
You can survive without breathing.


Message History

Unknown command.
You are too injured to fight recklessly!
Unknown command.
Unknown command.
Unknown command.
You are too injured to fight recklessly!
Unknown command.
You are too injured to fight recklessly!
Unknown command.
Unknown command.
You are too injured to fight recklessly!
The frilled lizard closely misses you.
You riposte.
You barely miss the frilled lizard. You closely miss the frilled lizard.
The frilled lizard bites you.
* * * LOW HITPOINT WARNING * * *
You miss the frilled lizard. The frilled lizard barely misses you.
You riposte.
You closely miss the frilled lizard. You barely miss the frilled lizard.
The frilled lizard closely misses you. x2
You riposte.
You barely miss the frilled lizard. You slash the frilled lizard!
You kill the frilled lizard!
You see here a frilled lizard corpse.
You see here a frilled lizard corpse.
You butcher the frilled lizard corpse.
h - 4 chunks of flesh (gained 1)
You butcher the frilled lizard corpse.
h - 5 chunks of flesh (gained 1)
You butcher the frilled lizard corpse.
h - 6 chunks of flesh (gained 1)
You see here a frilled lizard skeleton. x2
You see here a frilled lizard corpse.
You butcher the frilled lizard corpse.
h - 7 chunks of flesh (gained 1)
A leopard gecko comes into view.
You see here a frilled lizard skeleton.
The leopard gecko barely misses you.
You hit the leopard gecko but do no damage.
The leopard gecko closely misses you.
You riposte.
You hit the leopard gecko. The leopard gecko misses you.
You riposte.
You barely miss the leopard gecko. You closely miss the leopard gecko.
The leopard gecko barely misses you.
You closely miss the leopard gecko. The leopard gecko barely misses you.
The leopard gecko completely misses you.
You miss the leopard gecko. The leopard gecko bites you.
* * * LOW HITPOINT WARNING * * *
You barely miss the leopard gecko. The leopard gecko closely misses you.
The leopard gecko barely misses you.
You hit the leopard gecko.
The leopard gecko bites you but does no damage.
You miss the leopard gecko. The leopard gecko bites you.
You die...

#####...########.....
#.......# #.....
#.###.#.# ##...#
##...# ##.## ###
#....##### #.# ....
#...÷....# ###.##
.....##....###.#
#.....
###........###.#
#.#.#.
#......@l...##†#
#.#...
#.#...#........#
#.###. #..##........#
#..... ....
#..##.#.## ###### #.#
#..##..... .
#...###..# ##.. >...
#.# ##P.. #..l


You could see a leopard gecko.

Vanquished Creatures
  4 goblins (D:1)
  2 hobgoblins (D:1)
  A bat (D:1)
  7 frilled lizards (D:1)
14 creatures vanquished.

Notes
Turn   | Place    | Note
-------+----------+-------------------------------------------
     0 | D:1      | worex the Ghoul Warper began the quest for the Orb.
     0 | D:1      | Reached XP level 1. HP: 17/17 MP: 2/2
   158 | D:1      | Reached XP level 2. HP: 22/25 MP: 3/3
   263 | D:1      | HP: 1/25 [leopard gecko (5)]
   266 | D:1      | Slain by a leopard gecko

Vault maps used:
D:1:      dpeg_arrival_tiny_k, minmay_lizard_king

Skill      XL: |  1 |
---------------+----+-----
Long Blades    | 2 |  2.3
Fighting       | |  2.5
Throwing       | |  0.9
Armour         | |  0.9
Dodging        | |  1.8
Spellcasting   | |  1.8
Translocations | |  2.6

Action                   || total
-------------------------++-------
Melee: Falchion          ||    51
  Eat: Chunk             ||     2
       Ration            ||     1
Armor: Leather armour    ||    14
Dodge: Dodged            ||    45
       Rpst.: Falchion   ||    16

Table legend:
 A = Spawn XP
 B = Non-spawn XP
 C = Spawn XP percentage of total XP
 D = Spawn monster count
 E = Non-spawn monster count
 F = Spawn count percentage of total count
 G = Total turns spent on level
                    A         B        C        D         E        F      G
               +---------+---------+-------+---------+---------+-------+---------
         Total |       0 |      20 |   0.0 |       0 |      14 |   0.0 |   266
               +---------+---------+-------+---------+---------+-------+---------
           D:1 |       0 |      20 |   0.0 |       0 |      14 |   0.0 |   266
               +---------+---------+-------+---------+---------+-------+---------
